 Dungeon Crawl Stone Soup version 0.29-a0-1019-g84f7d21838 (webtiles) character file.

Game seed: 5573987082502115769

28 Turgor the Scratcher (level 3, -3/16 HPs)
             Began as a Felid Transmuter on Aug 9, 2022.
             Was a High Priest of Ignis.
             Killed from afar by an orc wizard (8 damage)
             ... with a magic dart
             ... on level 5 of the Dungeon on Aug 10, 2022.
             The game lasted 00:13:39 (2172 turns).

Turgor the Scratcher (Felid Transmuter)             Turns: 2172, Time: 00:13:40

Health: -3/16      AC:  1    Str:  6    XL:     3   Next: 0%
Magic:  7/7        EV: 17    Int: 16    God:    Ignis [*****.]
Gold:   136        SH:  0    Dex: 16    Spells: 4/7 levels left
                                        Lives:  0   Deaths: 1

rFire   + . .      SeeInvis +     - Unarmed
rCold   . . .      Faith    .   (shield unavailable)
rNeg    + . .      Spirit   .   (body armour unavailable)
rPois   +          Reflect  .   (helmet unavailable)
rElec   .          Harm     .   (cloak unavailable)
rCorr   .          Rampage  .   (gloves unavailable)
Will    .....                   (boots unavailable)
Stlth   +.........              (no amulet)
HPRegen 0.05/turn               g - ring of positive energy
MPRegen 0.10/turn               m - ring of poison resistance

@: quick
A: very small, claws 1, fangs 3, see invisible, speed 1, shaggy fur 1, stealthy
paws, no weapons or thrown items, no armour, multi-lived
a: Renounce Religion, Fiery Armour, Foxfire Swarm, Rising Flame


You were on level 5 of the Dungeon.
You worshipped Ignis.
Ignis was extremely pleased with you.
You visited 1 branch of the dungeon, and saw 5 of its levels.

You collected 136 gold pieces.

Inventory:

Jewellery
 e - an amulet of faith
 g - a ring of positive energy (left paw)
 m - a ring of poison resistance (right paw)
Scrolls
 b - a scroll of poison {unknown}
 d - a scroll of blinking {unknown}
 i - 2 scrolls of fear {unknown}
 k - 2 scrolls of amnesia {unknown}
 l - a scroll of vulnerability {unknown}
Potions
 a - 2 potions of lignification
 c - 2 potions of brilliance
 f - a potion of cancellation
 h - a potion of curing
 j - 2 potions of berserk rage {unknown}


   Skills:
 + Level 1.8 Fighting
 - Level 2.6 Dodging
 * Level 3.9 Unarmed Combat
 + Level 2.5 Spellcasting
 + Level 2.8 Transmutations


You had 4 spell levels left.
You knew the following spells:

 Your Spells              Type           Power      Damage    Failure   Level
a - Beastly Appendage     Tmut           22%        N/A       6%          1
b - Wereblood             Tmut           11%        N/A       10%         2

Your spell library contained the following spells:

 Spells                   Type           Power      Damage    Failure   Level
 Slow                     Hex            8%         N/A       21%         1
 Spider Form              Tmut/Pois      6%         N/A       32%         3
 Confusing Touch          Hex            2%         N/A       52%         3
 Vampiric Draining        Necr           2%         2d6       52%         3
 Ice Form                 Ice/Tmut       6%         N/A       73%         4


Dungeon Overview and Level Annotations

Branches:
Dungeon (6/15)
 Temple: D:4-7

Altars:
Ignis

Shops:
D:2 :


Innate Abilities, Weirdness & Mutations

You have sharp claws.
You have razor-sharp teeth.
You have supernaturally acute eyesight. (SInv)
You cover ground quickly. (Speed+)
You are covered in fur. (AC +1)
Your paws help you pounce on unaware monsters.
You are incapable of wielding weapons or throwing items.
You cannot wear armour.
You gain extra lives every three experience levels.


Message History

The jelly is lightly wounded.
The jelly hits you. The acid corrodes you!
You are splashed with acid!
* * * LOW HITPOINT WARNING * * *
You scratch the jelly but do no damage.
Your paws burn!
* * * LOW HITPOINT WARNING * * *
The jelly is lightly wounded.
The jelly barely misses you.
You scratch the jelly.
Your paws burn!
You die...
Your shape twists and changes as you die.
The jelly is lightly wounded.
The jelly hits you.
You are splashed with acid.
You are now level 3!
Your horns disappear.
You rejoin the land of the living...
Found an escape hatch in the floor.
A black bear comes into view.
A black bear is nearby!
Unknown command.
Found a stone staircase leading up.
There is a stone staircase leading up here.
You climb upwards.
The orc shouts!
The orc wizard shouts! x2; The orc shouts!
There is a stone staircase leading down here.
Unknown command.
The orc wizard shouts!
You open the door. The orc wizard casts a spell at you.
The puff of flame hits you. You resist.
There is an open door here.
The orc wizard points at you and mumbles some strange words.
The magic dart hits you!
Ouch! That really hurt!
The orc wizard casts a spell.
The orc wizard flickers and vanishes for a moment.
You close the door.
The orc wizard points at you and mumbles some strange words.
The magic dart hits you!
Ouch! That really hurt!
You die...

# ####.####
#.@.....# ##+#
#.##.##.# ##...##
#.# .# ##.....## #.#
.#
##.......###.##..#.#
#.....o>..##o.......
+....ooo..+.......#.
#......o..####...##
##.......## ...#


You could see an orc wizard.

Vanquished Creatures
  2 adders
  2 orcs
  3 endoplasms (D:1)
  A giant cockroach (D:2)
  8 goblins
  4 hobgoblins (D:1)
  2 quokkas
  8 ball pythons
  7 bats
  2 frilled lizards
  2 kobolds
  6 rats
47 creatures vanquished.

Notes
Turn   | Place    | Note
-------+----------+-------------------------------------------
     0 | D:1      | Turgor the Felid Transmuter began the quest for the Orb.
     0 | D:1      | Reached XP level 1. HP: 9/9 MP: 4/4
   317 | D:1      | Reached XP level 2. HP: 12/12 MP: 4/6
   337 | D:1      | Found a faded altar of an unknown god.
   369 | D:1      | Prayed at the altar of an unknown god.
   369 | D:1      | Became a worshipper of Ignis, the Dying Flame
   482 | D:1      | Learned a level 2 spell: Wereblood
   636 | D:1      | Reached XP level 3. HP: 15/15 MP: 5/7
   838 | D:2      | Found Piuffare's Book Emporium.
   967 | D:2      | Upgraded the game from 0.29-a0-1016-g236c7fd91e to
                  | 0.29-a0-1019-g84f7d21838
  2086 | D:3      | You fall into a shaft and drop 3 floors!
  2136 | D:6      | Reached XP level 4. HP: 19/19 MP: 4/8
  2138 | D:6      | Splashed by a jelly's acid
  2139 | D:6      | Reached XP level 3. HP: 0/16 MP: 4/7
  2143 | D:6      | Noticed a black bear
  2160 | D:5      | Entered Level 5 of the Dungeon
  2172 | D:5      | Killed from afar by an orc wizard

Illustrated notes

Levels and vault maps discovered:
D:1:      spicycebolla_green_bress_n_ham, layout_basic,
          ebering_ecumenical_altar_webs
D:2:      layout_loops_corners, serial_shops, shop, due_unseen_surprise
D:3:      layout_loops_ring
D:5:      layout_loops_corners
D:6:      layout_basic, minmay_temple_entry_overgrown, ebering_ghost_gozag,
          serial_shops, nicolae_shop_trees, hangedman_abyss_or_decor_slice

Action                   |  1- 3 |  4- 6 || total
-------------------------+-------+-------++-------
Melee: Unarmed           |    92 |     3 ||    95
       Headbutt          |    15 |       ||    15
       Bite              |     5 |       ||     5
       Punch             |     1 |       ||     1
 Cast: Beastly Appendage |    30 |       ||    30
       Wereblood         |     2 |       ||     2
  Use: Scroll            |     3 |       ||     3
 Stab: Sleeping          |     2 |       ||     2
Armor: Skin              |     4 |       ||     4
Dodge: Dodged            |    51 |     1 ||    52

Table legend: (Time is in decaauts)
 A = Elapsed time spent in this place.
 B = Non-inter-level travel time spent in this place.
 C = Inter-level travel time spent in this place.
 D = Time resting spent in this place.
 E = Time spent auto-exploring this place.
 F = Levels seen in this place.
 G = Mean time per level.
                   A        B        C        D        E       F      G
               +--------+--------+--------+--------+--------+-----+--------+
         Total |   1891 |   1855 |     36 |    174 |   1226 |   5 |  378.2 |
       Dungeon |   1891 |   1855 |     36 |    174 |   1226 |   5 |  378.2 |
               +--------+--------+--------+--------+--------+-----+--------+

Top non-repeatable levels by time:
     D:2: 819 daAuts
     D:1: 702 daAuts
     D:3: 297 daAuts
     D:6: 61 daAuts
     D:5: 10 daAuts
